 Dungeon Crawl Stone Soup version 0.26-a0-259-g1effd001a9 (webtiles) character file.

Game seed: 15227148201196941848

152 Apogee the Chopper (level 5, 0/46 HPs)
             Began as a Hill Orc Gladiator on July 14, 2020.
             Slain by a gnoll
             ... wielding a +0 spear
              (2 damage)
             ... on level 4 of the Dungeon.
             The game lasted 00:02:14 (2063 turns).

Apogee the Chopper (Hill Orc Gladiator)             Turns: 2063, Time: 00:02:15

Health: 0/46       AC:  9    Str: 18    XL:     5   Next: 34%
Magic:  5/5        EV:  7    Int:  8    God:
Gold:   96         SH:  0    Dex: 12    Spells: 4/4 levels left

rFire    . . .     SeeInvis .   a - +0 war axe
rCold    . . .     Faith    .   (no shield)
rNeg     . . .     Spirit   .   v - +0 chain mail
rPois    .         Reflect  .   c - +0 helmet
rElec    .         Harm     .   (no cloak)
rCorr    .                      (no gloves)
MR       .....                  (no boots)
Stlth    ..........             (no amulet)
HPRegen  0.15/turn              (no ring)
MPRegen  0.09/turn              (no ring)

@: mighty, flying
A: no striking features
a: no special abilities


You were on level 4 of the Dungeon.
You were not hungry.

You visited 1 branch of the dungeon, and saw 4 of its levels.

You collected 96 gold pieces.

Inventory:

Hand Weapons
 a - a +0 war axe (weapon)
 x - a +0 rapier of draining
 A - a +2 mace of protection
Missiles
 d - 3 throwing nets {=f, !d}
Armour
 b - a +0 leather armour
 c - a +0 helmet (worn)
 g - a +0 ring mail
 p - a +0 kite shield
 q - a +1 leather armour of fire resistance
 s - a +0 scale mail
 v - a +0 chain mail (worn)
Jewellery
 z - an uncursed ring of wizardry {unknown}
Wands
 o - a wand of polymorph (20)
Scrolls
 j - 4 scrolls of remove curse {unknown}
 l - 4 scrolls of identify {unknown}
 n - a scroll of enchant armour {unknown}
 y - a scroll of immolation {unknown}
 B - a scroll of fog {unknown}
Potions
 e - 2 potions of might
 h - 4 potions of curing
 k - 2 potions of berserk rage {unknown}
 m - a potion of invisibility {unknown}
 r - 2 potions of cancellation {unknown}
 t - a potion of haste {unknown}
 u - 2 potions of mutation {unknown}
 w - a potion of heal wounds {unknown}
Comestibles
 f - 7 rations


   Skills:
 + Level 4.2 Fighting
 * Level 6.7 Axes
 - Level 1.7 Throwing
 - Level 2.4 Dodging


You had 4 spell levels left.
You didn't know any spells.
Your spell library was empty.

Dungeon Overview and Level Annotations

Branches:
Dungeon (4/15)
 Temple: D:4-7

Altars:
Dithmenos


Message History

The gnoll sergeant hits you from afar with a +0 trident.
* * * LOW HITPOINT WARNING * * *
It was a potion of flight.
You feel very buoyant.
You fly up into the air.
The gnoll hits you but does no damage.
The gnoll sergeant hits you but does no damage.
A gnoll and a gnoll shaman come into view.
The gnoll shouts!
The gnoll shaman shouts!
The gnoll hits you from afar with a +0 halberd!
* * * LOW HITPOINT WARNING * * *
The gnoll closely misses you.
The gnoll moves out of view.
Things that are here:
a gnoll corpse x2
You hit the gnoll.
The gnoll is lightly wounded.
You slash the gnoll sergeant!
The gnoll sergeant hits you but does no damage.
The gnoll closely misses you. The gnoll barely misses you.
The gnoll hits you with a +0 spear.
You die...

## #####
#$.?##g@.#
#..gg###
#..gg#...
...g.≈≈g......
..g..≈≈.........
...#..$.#.......
## ###+########+


You could see a gnoll sergeant, a gnoll shaman and 6 gnolls.

Vanquished Creatures
  An orc priest (D:3)
  Robin (D:2)
  3 adders
  3 gnolls (D:4)
  A dart slug (D:2)
  A leopard gecko (D:3)
  3 orcs (D:3)
  2 giant cockroaches
  11 goblins
  7 hobgoblins
  7 kobolds
  2 ball pythons
  7 bats
  3 rats
52 creatures vanquished.

Notes
Turn   | Place    | Note
-------+----------+-------------------------------------------
     0 | D:1      | Apogee the Hill Orc Gladiator began the quest for the Orb.
     0 | D:1      | Reached XP level 1. HP: 18/18 MP: 1/1
    14 | D:1      | You fall into a shaft and drop 1 floor!
    14 | D:2      | Found a shadowy altar of Dithmenos.
    19 | D:2      | Reached XP level 2. HP: 25/25 MP: 2/2
   120 | D:2      | Reached skill level 5 in Axes
   122 | D:2      | Reached XP level 3. HP: 30/31 MP: 3/3
   144 | D:2      | Noticed Robin
   148 | D:2      | Killed Robin
   681 | D:1      | Reached XP level 4. HP: 38/38 MP: 4/4
  1592 | D:3      | Reached skill level 6 in Axes
  1859 | D:3      | Reached XP level 5. HP: 46/46 MP: 5/5
  1885 | D:3      | Found a faded altar of an unknown god.
  2062 | D:4      | HP: 2/46 [gnoll/+0 halberd (8)]
  2063 | D:4      | Slain by a gnoll

Illustrated notes

Levels and vault maps discovered:
D:1:      shiori_arrival_elements, layout_basic
D:2:      layout_loops_ring, nicolae_dithmenos_shadow_blocks, uniq_robin
D:3:      layout_basic, chequers_ecumenical_altar_simple
D:4:      lemuel_castle_with_subvaults [lemuel_castle_interior_carwin_3],
          layout_loops_ring, nicolae_ru_the_path_less_chosen, zin_purify,
          first_ration, serial_undead, serial_undead_f, serial_undead_e,
          serial_undead_f, serial_undead_c, serial_undead_c,
          dk_yredelemnul_ordeal, uniq_sigmund, uniq_blork_the_orc

Skill      XL: |  1  2  3  4  5 |
---------------+----------------+-----
Fighting       | 3 4 |  4.2
Axes           | 5 6 |  6.7
Throwing       | |  1.7
Dodging        | |  2.4

Action                   |  1- 3 |  4- 6 || total
-------------------------+-------+-------++-------
Melee: War axe           |    44 |    60 ||   104
  Use: Potion            |       |     3 ||     3
  Eat: Ration            |       |     1 ||     1
Armor: Ring mail         |    13 |     1 ||    14
       Chain mail        |       |    43 ||    43
       Scale mail        |       |     6 ||     6
Dodge: Dodged            |    33 |    37 ||    70

Table legend:
 A = Non-vault XP
 B = Vault XP
 C = Vault XP percentage of total XP
 D = Non-vault monster count
 E = Vault monster count
 F = Vault count percentage of total count
                 A         B        C        D         E       F
            +---------+---------+-------+---------+---------+-------
      Total |     141 |      77 |  35.3 |      37 |      15 |  28.8
            +---------+---------+-------+---------+---------+-------
        D:1 |      13 |       0 |   0.0 |       8 |       0 |   0.0
        D:2 |      40 |      36 |  47.4 |       9 |      12 |  57.1
        D:3 |      88 |       0 |   0.0 |      20 |       0 |   0.0
        D:4 |       0 |      41 | 100.0 |       0 |       3 | 100.0
            +---------+---------+-------+---------+---------+-------
